 Dungeon Crawl Stone Soup version 0.30-a0-557-ge2afbf3030 (webtiles) character file.

Game seed: 12701132535278559962

221 Newt the Skirmisher (level 6, -2/35 HPs)
             Began as a Kobold Hunter on Dec 27, 2022.
             Constricted to death by Ijyb (5 damage)
             ... on level 5 of the Dungeon.
             The game lasted 00:02:46 (3683 turns).

Newt the Skirmisher (Kobold Hunter)                 Turns: 3683, Time: 00:02:46

Health: -2/35      AC:  3    Str:  9    XL:     6   Next: 19%
Magic:  6/6        EV: 11    Int: 10    God:
Gold:   97         SH:  0    Dex: 20    Spells: 5/5 levels left

rFire   . . .      SeeInvis .    a - +4 shortbow (drain)
rCold   . . .      Faith    .    (shield currently unavailable)
rNeg    . . .      Spirit   .    c - +0 leather armour
rPois   .          Reflect  .    (no helmet)
rElec   .          Harm     .    (no cloak)
rCorr   .          Rampage  .    (no gloves)
Will    .....                    (no boots)
Stlth   +++                      (no amulet)
HPRegen 0.25/turn                (no ring)
MPRegen 0.10/turn                (no ring)

@: grasped by roots, constricted, studying Ranged Weapons
A: small, no large weapons, nightstalker 3
a: no special abilities


You were on level 5 of the Dungeon.
You visited 1 branch of the dungeon, and saw 5 of its levels.

You collected 201 gold pieces.
You spent 104 gold pieces at shops.

Inventory:

Hand Weapons
 a - a +4 shortbow of draining (weapon)
Armour
 c - a +0 leather armour (worn)
Jewellery
 t - a +6 ring of dexterity
 u - a ring of magical power
Scrolls
 b - 2 scrolls of immolation
 d - 2 scrolls of blinking
 f - 2 scrolls of vulnerability
 g - a scroll of teleportation
 i - 2 scrolls of summoning
 l - a scroll of brand weapon
 m - a scroll of noise {unknown}
 p - a scroll of fog {unknown}
 r - 2 scrolls of poison {unknown}
Potions
 h - a potion of attraction
 j - a potion of invisibility {unknown}
 n - a potion of heal wounds {unknown}
 q - a potion of berserk rage {unknown}
 s - a potion of haste {unknown}


   Skills:
 - Level 2.1 Fighting
 * Level 10.6 Ranged Weapons
 - Level 2.4 Dodging
 - Level 1.3 Stealth


You had 5 spell levels left.
You didn't know any spells.
Your spell library contained the following spells:

 Spells                   Type           Power      Damage    Failure   Level
 Shock                    Conj/Air       0%         1d3       47%         1
 Blink                    Tloc           0%         N/A       63%         2
 Momentum Strike          Conj/Tloc      0%         3d8       63%         2
 Lesser Beckoning         Tloc           0%         N/A       85%         3
 Swiftness                Air            0%         N/A       85%         3
 Airstrike                Air            0%         2d(0-16)  99%         4


Dungeon Overview and Level Annotations

Branches:
Dungeon (5/15)
 Temple: D:4-7

Altars:

Shops:
D:5 ?

Annotations:
D:5 Ijyb


Innate Abilities, Weirdness & Mutations

You are small and have problems with some larger weapons.
You are completely attuned to the shadows.


Message History

A hound comes into view.
Ijyb closely misses you. The grasping roots constrict you.
You shoot an arrow. The arrow hits Ijyb.
Ijyb is moderately wounded.
The hound bites you. Ijyb barely misses you. The grasping roots constrict you.
You are too injured to fight recklessly!
You are too injured to fight recklessly!
You are too injured to fight recklessly!
You are too injured to fight recklessly!
You are too injured to fight recklessly!
You are too injured to fight recklessly!
You are too injured to fight recklessly!
You are too injured to fight recklessly!
You are too injured to fight recklessly!
You are too injured to fight recklessly!
You are too injured to fight recklessly!
You are too injured to fight recklessly!
You are too injured to fight recklessly!
You are too injured to fight recklessly!
Unknown command.
You feel better. The hound misses you. Ijyb hits you with a +0 dagger.
The grasping roots constrict you. The hound bites you but does no damage.
The grasping roots release their grip on you.
The hound attacks as you move away! The hound closely misses you.
Ijyb zaps a wand.
The roots erupt in riotous growth!
The hound is unaffected.
The grasping roots grab you! The grasping roots constrict you.
* * * LOW HITPOINT WARNING * * *
The hound barely misses you.
You escape the roots grasp.
Ijyb zaps a wand.
The roots erupt in riotous growth!
The hound is unaffected.
The grasping roots grab you! The grasping roots constrict you.
* * * LOW HITPOINT WARNING * * *
Unknown command.
The roots grasp on you weakens, but your attempt to escape fails.
The hound bites you.
* * * LOW HITPOINT WARNING * * *
The grasping roots constrict you.
You die...

#.####**#. #.....,,**
#.####*,** #.# *,,,, ######.#
*,,,, ####......# *,,,,
#....###### *,,,, #.####
***** #@# ##h### #....#
*#.##g#********
#..*#.....,,,,*
*********#.#*##$###***,******
*,,,,,,,,..,,,,..,,,,,,,,,,,,
*,,,,,,,,,,,,,,...,,,,,,,,,,,
*~~~~~~~~~~~~~~~~~~~~~~~~~~~~


You could see Ijyb and a hound.

Vanquished Creatures
  An ogre (D:5)
  An iguana (D:5)
  3 adders (D:3)
  3 worms
  2 dart slugs
  2 orcs
  4 bats
  6 endoplasms
  2 giant cockroaches
  4 goblins
  3 hobgoblins
  16 jackals
  3 quokkas
  2 ball pythons (D:3)
  A frilled lizard (D:1)
  5 kobolds
  3 rats
61 creatures vanquished.

Notes
Turn   | Place    | Note
-------+----------+-------------------------------------------
     0 | D:1      | Newt the Kobold Hunter began the quest for the Orb.
     0 | D:1      | Reached XP level 1. HP: 12/12 MP: 1/1
   303 | D:1      | Reached XP level 2. HP: 17/17 MP: 2/2
   317 | D:1      | Reached skill level 6 in Ranged Weapons
   822 | D:2      | Reached XP level 3. HP: 21/21 MP: 3/3
  1334 | D:2      | Reached skill level 7 in Ranged Weapons
  1361 | D:2      | Reached XP level 4. HP: 17/26 MP: 4/4
  2271 | D:3      | Identified a scroll of acquirement
  2271 | D:3      | Acquired a manual of Ranged Weapons
  2550 | D:3      | Reached skill level 8 in Ranged Weapons
  2609 | D:3      | Found a faded altar of an unknown god.
  2702 | D:4      | Reached XP level 5. HP: 30/30 MP: 5/5
  3502 | D:5      | Entered Level 5 of the Dungeon
  3502 | D:5      | Found Irhuer's Magic Scroll Shoppe.
  3508 | D:5      | Bought a scroll of brand weapon for 104 gold pieces
  3540 | D:5      | Reached skill level 9 in Ranged Weapons
  3633 | D:5      | Noticed an ogre
  3637 | D:5      | Killed an ogre
  3638 | D:5      | Reached skill level 10 in Ranged Weapons
  3638 | D:5      | Reached XP level 6. HP: 35/35 MP: 6/6
  3673 | D:5      | Noticed Ijyb
  3683 | D:5      | Constricted to death by Ijyb

Illustrated notes

Levels and vault maps discovered:
D:1:      saegor_arrival_simple_e, layout_loops_ring, bh_walls_and_bars
D:2:      layout_basic
D:3:      layout_loops_ring, ebering_ecumenical_altar_abandoned
D:4:      layout_cave_pods, minmay_misc_feat_room
D:5:      minmay_goblin_kobold_castle, layout_basic, serial_shops, shop,
          uniq_ijyb

Skill      XL: |  1  2  3  4  5 |
---------------+----------------+-----
Ranged Weapons | 6 7 8 10 | 10.6
Fighting       | |  2.1
Dodging        | |  2.4
Stealth        | |  1.3

Action                   |  1- 3 |  4- 6 || total
-------------------------+-------+-------++-------
 Fire: Shortbow          |    79 |    99 ||   178
  Use: Scroll            |     3 |    10 ||    13
       Potion            |       |     1 ||     1
Armor: Leather armour    |     9 |    16 ||    25
Dodge: Dodged            |    37 |    51 ||    88

Table legend: (Time is in decaauts)
 A = Elapsed time spent in this place.
 B = Non-inter-level travel time spent in this place.
 C = Inter-level travel time spent in this place.
 D = Time resting spent in this place.
 E = Time spent auto-exploring this place.
 F = Levels seen in this place.
 G = Mean time per level.
                   A        B        C        D        E       F      G
               +--------+--------+--------+--------+--------+-----+--------+
         Total |   3715 |   3616 |     99 |    269 |   2992 |   5 |  743.0 |
       Dungeon |   3715 |   3616 |     99 |    269 |   2992 |   5 |  743.0 |
               +--------+--------+--------+--------+--------+-----+--------+

Top non-repeatable levels by time:
     D:3: 1063 daAuts
     D:2: 879 daAuts
     D:4: 818 daAuts
     D:1: 772 daAuts
     D:5: 181 daAuts
